 Dungeon Crawl Stone Soup version 0.24-a0-274-gb3763e6 (webtiles) character file.

Game seed: 10062133302040041497

42 Hylith the Chopper (level 3, -1/33 HPs)
             Began as a Hill Orc Monk on Apr 26, 2019.
             Slain by an adder (2 damage)
             ... on level 2 of the Dungeon.
             The game lasted 00:02:40 (1237 turns).

Hylith the Chopper (Hill Orc Monk)                  Turns: 1237, Time: 00:02:41

Health: -1/33      AC:  3    Str: 14    XL:     3   Next: 54%
Magic:  3/3        EV: 13    Int: 10    God:
Gold:   137        SH:  0    Dex: 13    Spells: 2/2 levels left

rFire    . . .     SeeInvis .   a - +0 hand axe
rCold    . . .     Gourm    .   (no shield)
rNeg     . . .     Faith    .   b - +0 robe
rPois    .         Spirit   .   e - +0 helmet
rElec    .         Reflect  .   (no cloak)
rCorr    .         Harm     .   (no gloves)
MR       .....                  (no boots)
Stlth    ++........             (no amulet)
HPRegen  0.11/turn              (no ring)
MPRegen  0.08/turn              (no ring)

@: lethally poisoned (-1 -> -2)
A: no striking features
a: no special abilities


You were on level 2 of the Dungeon.
You were not hungry.

You visited 1 branch of the dungeon, and saw 2 of its levels.

You collected 137 gold pieces.

Inventory:

Hand Weapons
 a - a +0 hand axe (weapon)
Missiles
 h - 7 tomahawks of returning (quivered)
Armour
 b - a +0 robe (worn)
 e - a +0 helmet (worn)
Jewellery
 i - a +2 amulet of reflection {unknown}
Scrolls
 d - 3 scrolls of identify {unknown}
 f - a scroll of magic mapping {unknown}
 g - a scroll of remove curse {unknown}
Potions
 j - 4 potions of curing {unknown}
 k - a potion of degeneration {unknown}
Comestibles
 c - 7 rations
 l - a chunk of flesh


   Skills:
 + Level 4.0 Fighting
 + Level 4.4 Axes
 + Level 1.2 Armour
 + Level 2.7 Dodging
 - Level 2.0 Stealth


You had 2 spell levels left.
You didn't know any spells.
Your spell library was empty.

Dungeon Overview and Level Annotations

Branches:
Dungeon (2/15)

Altars:


Message History

You closely miss the adder. The adder barely misses you.
The adder completely misses you.
You barely miss the adder. The adder misses you.
You barely miss the adder.
You feel sick. The adder completely misses you.
You closely miss the adder. The adder bites you. x2
You barely miss the adder. The adder closely misses you.
You hit the adder but do no damage. The adder barely misses you.
The adder bites you.
* * * LOW HITPOINT WARNING * * *
You closely miss the adder.
You feel sick. The adder barely misses you.
You hit the adder.
The adder is moderately wounded.
The adder bites you.
* * * LOW HITPOINT WARNING * * *
You hit the adder but do no damage.
The adder is moderately wounded.
The adder bites you.
* * * LOW HITPOINT WARNING * * *
The adder bites you.
You die...

#.# #.# ### ... #.. #
#####.# #.# ## . ......#
#.#.. ###..##.# ###.#.#
......#.# .....
.##.###.#######.########
.........#......@SK.....
###.#....#.......#######
..#.#..>.........+
#+#.#....#......%#
.(..######.......# ....#
##.###### ....# #.#
....# #.# ....# #.#


You could see an adder and a kobold.

Vanquished Creatures
  An adder (D:2)
  2 dart slugs
  2 leopard geckos
  A ball python (D:1)
  A giant cockroach (D:1)
  2 goblins
  3 hobgoblins (D:1)
  4 bats (D:1)
  2 frilled lizards (D:1)
  11 rats (D:1)
29 creatures vanquished.

Notes
Turn   | Place    | Note
-------+----------+-------------------------------------------
     0 | D:1      | Hylith the Hill Orc Monk began the quest for the Orb.
     0 | D:1      | Reached XP level 1. HP: 19/19 MP: 1/1
   266 | D:1      | Reached XP level 2. HP: 22/27 MP: 2/2
   712 | D:1      | Reached skill level 1 in Armour
   746 | D:1      | Reached XP level 3. HP: 33/33 MP: 3/3
  1237 | D:2      | HP: 1/33 [adder (3)]
  1237 | D:2      | Slain by an adder

Levels and vault maps discovered:
D:1:      minmay_arrival_widening_spiral_wide, layout_basic,
          kennysheep_nondescript, st_stairs_7, minmay_rat_gold_closets
D:2:      layout_basic, first_ration, fedhas_altar_1

Skill      XL: |  1  2  3 |
---------------+----------+-----
Armour         | 1 |  1.2
Fighting       | 4 |  4.0
Stealth        | 2 |  2.0
Axes           | |  4.4
Dodging        | |  2.7

Action                   || total
-------------------------++-------
Melee: Hand axe          ||   116
 Stab: Sleeping          ||     7
  Eat: Chunk             ||     1
Armor: Robe              ||    22
Dodge: Dodged            ||    78

Table legend:
 A = Non-vault XP
 B = Vault XP
 C = Vault XP percentage of total XP
 D = Non-vault monster count
 E = Vault monster count
 F = Vault count percentage of total count
                 A         B        C        D         E       F
            +---------+---------+-------+---------+---------+-------
      Total |      50 |      10 |  16.7 |      20 |       9 |  31.0
            +---------+---------+-------+---------+---------+-------
        D:1 |      28 |      10 |  26.3 |      16 |       9 |  36.0
        D:2 |      22 |       0 |   0.0 |       4 |       0 |   0.0
            +---------+---------+-------+---------+---------+-------
